 Dungeon Crawl Stone Soup version 0.26-b1-32-g5d43845318 (webtiles) character file.

Game seed: 7769992199396323348

1096 Arthanis the Arsonist (level 8, -1/41 HPs)
             Began as a Deep Elf Fire Elementalist on Jan 11, 2021.
             Shot with an arrow by a centaur (4 damage)
             ... on level 5 of the Dungeon.
             The game lasted 00:07:43 (5758 turns).

Arthanis the Arsonist (Deep Elf Fire Elementalist)  Turns: 5758, Time: 00:07:43

Health: -1/41      AC:  4    Str:  5    XL:     8   Next: 10%
Magic:  23/29      EV: 13    Int: 29    God:
Gold:   190        SH:  0    Dex: 15    Spells: 7/20 levels left

rFire    . . .     SeeInvis .   y - +2 mace (venom)
rCold    . . .     Faith    .   (no shield)
rNeg     . . .     Spirit   .   B - +0 robe (curse)
rPois    .         Reflect  .   c - +0 helmet
rElec    .         Harm     .   (no cloak)
rCorr    .         Rampage  .   u - +0 pair of gloves
Will     .....                  (no boots)
Stlth    ++........             (no amulet)
HPRegen  0.13/turn              p - ring of magical power
MPRegen  0.21/turn              t - +6 ring of intelligence

@: no status effects
A: no striking features
a: no special abilities


You were on level 5 of the Dungeon.
You visited 1 branch of the dungeon, and saw 5 of its levels.

You collected 190 gold pieces.

Inventory:

Hand Weapons
 s - a +0 spear
 v - a +0 scythe
 y - a +2 mace of venom (weapon)
Armour
 a - a +0 robe
 c - a +0 helmet (worn)
 u - a +0 pair of gloves (worn)
 A - a +0 helmet
 B - a cursed +0 robe (worn)
Jewellery
 e - an uncursed ring of positive energy
 m - an uncursed ring of wizardry
 p - a ring of magical power (left hand)
 t - a +6 ring of intelligence (right hand)
 x - an uncursed ring of see invisible {unknown}
Wands
 w - a wand of flame (25)
Scrolls
 b - a scroll of teleportation {unknown}
 d - 3 scrolls of remove curse {unknown}
 f - a scroll of fog {unknown}
 j - a scroll of magic mapping {unknown}
 k - a scroll of fear {unknown}
 o - a scroll of enchant armour {unknown}
 q - a scroll of identify {unknown}
 r - a scroll of amnesia {unknown}
Potions
 g - 4 potions of curing {unknown}
 h - 2 potions of heal wounds {unknown}
 i - a potion of berserk rage {unknown}
 l - 3 potions of attraction {unknown}
 n - 3 potions of degeneration {unknown}
 z - a potion of lignification {unknown}


   Skills:
 - Level 2.4 Dodging
 - Level 2.4 Stealth
 + Level 6.8 Spellcasting
 + Level 5.1 Conjurations
 * Level 8.1 Fire Magic


You had 7 spell levels left.
You knew the following spells:

 Your Spells              Type           Power        Failure   Level
a - Foxfire               Conj/Fire      100%         1%          1
b - Conjure Flame         Conj/Fire      48%          1%          3
c - Sticky Flame          Conj/Fire      48%          3%          4
d - Fireball              Conj/Fire      24%          10%         5

Your spell library contained the following spells:

 Spells                   Type           Power        Failure   Level
 Inner Flame              Hex/Fire       33%          3%          3


Dungeon Overview and Level Annotations

Branches:
Dungeon (5/15)
 Temple: D:4-7

Altars:
Ashenzari
Dithmenos
Gozag
Hepliaklqana
Makhleb
Nemelex Xobeh

Annotations:
D:3 2 runed translucent doors, theswoord's ghost, weakling DsTm


Message History

Confirm with . or Enter, or press ? or * to list all spells.
You conjure some foxfire!
The centaur shoots an arrow.
The arrow hits you.
The centaur shoots an arrow.
The arrow closely misses you.
Unknown command.
Your foxfire dissipates!
The foxfire hits the centaur!
The centaur is moderately wounded.
The centaur shoots an arrow.
The arrow hits you.
You see here an arrow.
Casting: Foxfire (safe; 1% risk of failure)
Confirm with . or Enter, or press ? or * to list all spells.
The spell is quite dangerous to cast (10% risk of failure)!
Continue anyway?
Aiming: Fireball (quite dangerous; 10% risk of failure)
Press: ? - help, Shift-Dir - straight line, f - centaur
Aim: a centaur, wielding a +0 shortbow and quivering 25 arrows (moderately wounded)
The fireball explodes!
The fireball engulfs the centaur!!
You kill the centaur!
The centaur shoots an arrow.
The arrow hits you!
* * * LOW HITPOINT WARNING * * *
You die...

#.# #..#....... #.#
##.#.......
##'####.(.......
#.....##(###+######
#.....##.)........#
#.....##..........#
##.....###..(......#
###......+......######
#........###@##.#
#.....++## #.# ..^
#.....# #.. ..... #
#.....+ ##.#...... #
###.....## .c......
#.#........# #..#####
#.#........# ..
#.#........# ...
#.#........#


You could see a centaur.

Vanquished Creatures
  Sigmund (D:3)
  2 ogres (D:4)
  2 centaurs (D:5)
  A scorpion (D:4)
  A howler monkey (D:4)
  5 orc wizards (D:4)
  4 orc priests (D:4)
  A bullfrog skeleton (D:5)
  3 hounds (D:4)
  Ijyb (D:3)
  An iguana (D:4)
  Robin (D:3)
  2 adders
  4 gnolls (D:2)
  An ufetubus (D:5)
  An ooze (D:3)
  3 worms
  4 leopard geckos
  7 orcs
  A ball python (D:1)
  5 bats
  3 giant cockroaches
  19 goblins
  8 hobgoblins
  3 jackals (D:3)
  2 quokkas
  5 frilled lizards
  5 kobolds
  A quokka skeleton (D:2)
  7 rats
104 creatures vanquished.

Vanquished Creatures (others)
  494 foxfires
494 creatures vanquished.

Grand Total: 598 creatures vanquished

Notes
Turn   | Place    | Note
-------+----------+-------------------------------------------
     0 | D:1      | Arthanis the Deep Elf Fire Elementalist began the quest for
                  | the Orb.
     0 | D:1      | Reached XP level 1. HP: 10/10 MP: 6/6
   357 | D:1      | Reached XP level 2. HP: 15/15 MP: 6/8
  1169 | D:1      | Reached skill level 4 in Fire Magic
  1642 | D:2      | Reached XP level 3. HP: 19/19 MP: 6/10
  1646 | D:2      | Learned a level 3 spell: Conjure Flame
  2469 | D:2      | Reached XP level 4. HP: 24/24 MP: 0/11
  2809 | D:2      | Learned a level 4 spell: Sticky Flame
  3207 | D:3      | Found a large runed translucent door.
  3207 | D:3      | Found a large runed translucent door.
  3210 | D:3      | Noticed theswoord's ghost (weakling DsTm)
  3361 | D:3      | Noticed Sigmund
  3367 | D:3      | Killed Sigmund
  3368 | D:3      | Reached skill level 5 in Fire Magic
  3368 | D:3      | Reached XP level 5. HP: 28/28 MP: 14/14
  3380 | D:3      | Learned a level 5 spell: Fireball
  3673 | D:3      | Reached XP level 6. HP: 32/32 MP: 15/15
  3847 | D:3      | Noticed Ijyb
  3850 | D:3      | Reached skill level 5 in Spellcasting
  3855 | D:3      | Killed Ijyb
  3973 | D:3      | Noticed Robin
  4018 | D:3      | Killed Robin
  4020 | D:3      | Reached skill level 6 in Fire Magic
  4138 | D:3      | Found a shadowy altar of Dithmenos.
  4139 | D:3      | Found an opulent altar of Gozag.
  4139 | D:3      | Found a broken altar of Ashenzari.
  4139 | D:3      | Found a sparkling altar of Nemelex Xobeh.
  4148 | D:3      | Found a burning altar of Makhleb.
  4148 | D:3      | Found a hazy altar of Hepliaklqana.
  4802 | D:4      | Reached XP level 7. HP: 36/36 MP: 17/17
  4846 | D:4      | Reached skill level 7 in Fire Magic
  5545 | D:5      | Entered Level 5 of the Dungeon
  5551 | D:5      | Reached skill level 5 in Conjurations
  5597 | D:5      | Reached XP level 8. HP: 41/41 MP: 20/20
  5665 | D:5      | Reached skill level 8 in Fire Magic
  5758 | D:5      | Shot with an arrow by a centaur

Illustrated notes

Levels and vault maps discovered:
D:1:      amcnicky_arrival_blooded_trapdoor, layout_basic,
          chequers_serial_rivers_micro_d, kennysheep_another_room,
          minmay_small_reverse_x
D:2:      layout_basic, mrwooster_statue_mirror, chequers_serial_rivers_small_3
D:3:      kennysheep_goblin_castle, layout_basic, minmay_overflow_temple_hex,
          ebering_ghost_disaster_area, chequers_jeans, uniq_sigmund, uniq_robin
D:4:      layout_basic
D:5:      layout_basic, minmay_temple_entry_stoned_glass

Skill      XL: |  1  2  3  4  5  6  7  8 |
---------------+-------------------------+-----
Fire Magic     | 4 5 6 7 8 |  8.1
Conjurations   | 2 3 4 5 |  5.1
Spellcasting   | 4 5 6 |  6.8
Dodging        | |  2.4
Stealth        | |  2.4

Action                   |  1- 3 |  4- 6 |  7- 9 || total
-------------------------+-------+-------+-------++-------
Melee: Unarmed           |     1 |       |       ||     1
       Mace              |       |     2 |       ||     2
 Cast: Foxfire           |    95 |   131 |   101 ||   327
       Sticky Flame      |       |     1 |     1 ||     2
       Fireball          |       |       |     1 ||     1
Armor: Robe              |     2 |     4 |     2 ||     8
Dodge: Dodged            |    13 |    12 |     5 ||    30
